Get step-by-step instructions on how to execute this build order below. Start the game timer, and the build order will tick by so you can play in parallel with StarCraft on a second screen or mobile device.

Game Time

  0:00

Last Step

  N/A

Next Step

Upcoming Step



Don't want to look back and forth between 2 screens? Try out our Overwolf App, the Spawning Tool Build Advisor to get an in-game overlay with this build!

Complete Build Order

  12  0:00  Probe  
  13  0:12  Probe  
  14  0:19  Pylon  
  14  0:24  Probe  
  15  0:34  Assimilator  
  15  0:37  Probe (Chrono Boost)  
  16  0:44  Gateway  
  16  0:47  Probe (Chrono Boost)  
  17  0:52  Probe (Chrono Boost)  
  18  1:04  Probe  
  19  1:16  Probe  
  20  1:23  Nexus  
  20  1:32  Cybernetics Core  
  20  1:35  Probe  
  21  1:41  Assimilator  
  21  1:47  Probe  
  21  1:49  Pylon  
  22  2:00  Probe (Chrono Boost)  
  23  2:08  Stalker  
  23  2:12  Probe (Chrono Boost)  
  23  2:13  Stargate  
  26  2:20  Probe (Chrono Boost)  
  27  2:22  Warp Gate  
  27  2:27  Probe (Chrono Boost)  
  28  2:35  Probe (Chrono Boost)  
  29  2:38  Adept  
  29  2:44  Probe x2 (Chrono Boost)  
  33  2:49  Probe (Chrono Boost)  
  33  2:50  Probe  
  34  2:56  Oracle (Chrono Boost)  
  35  3:01  Probe  
  35  3:02  Probe  
  35  3:04  Pylon  
  40  3:13  Probe  
  40  3:14  Probe  
  40  3:17  Gateway  
  42  3:23  Oracle (Chrono Boost)  
  42  3:26  Probe x2  
  47  3:38  Probe  
  47  3:39  Probe  
  49  3:42  Nexus  
  49  3:44  Pylon  
  49  3:50  Probe  
  49  3:51  Probe  
  49  3:53  Oracle  
  54  4:02  Assimilator, Probe (Chrono Boost)  
  55  4:04  Assimilator  
  55  4:06  Pylon  
  55  4:08  Probe (Chrono Boost)  
  56  4:10  Adept  
  56  4:13  Probe (Chrono Boost)  
  60  4:17  Probe (Chrono Boost)  
  60  4:18  Probe (Chrono Boost)  
  61  4:30  Probe x2  
  63  4:37  Robotics Facility, Twilight Council, Forge  
  63  4:39  Zealot  
  63  4:42  Zealot  
  63  4:44  Probe  
  66  4:48  Probe  
  67  4:54  Probe  
  67  4:55  Gateway x2  
  67  4:56  Probe  
  69  5:00  Probe  
  69  5:06  Probe  
  71  5:08  Probe  
  71  5:10  Blink (Chrono Boost)  
  71  5:11  Protoss Ground Weapons Level 1  
  71  5:12  Probe  
  73  5:17  Pylon  
  73  5:18  Probe  
  73  5:19  Zealot  
  73  5:20  Probe  
  76  5:24  Probe  
  76  5:26  Observer (Chrono Boost)  
  78  5:29  Shield Battery  
  78  5:31  Stalker  
  78  5:32  Probe x2  
  80  5:36  Probe  
  81  5:44  Probe  
  81  5:48  Immortal (Chrono Boost), Probe  
  81  5:49  Probe  
  82  5:55  Assimilator  
  82  5:56  Probe, Robotics Bay  
  82  5:57  Robotics Facility, Assimilator  
  87  5:58  Observer  
  87  6:00  Probe  
  87  6:02  Probe  
  89  6:04  Pylon  
  89  6:06  Gateway  
  89  6:07  Gateway  
  89  6:15  Probe  
  90  6:20  Warp Prism (Chrono Boost)  
  92  6:27  Probe x2  
  89  6:41  Probe  
  89  6:43  Probe x2  
  89  6:46  Stalker x4  
  93  6:53  Colossus (Chrono Boost)  
  94  6:55  Photon Cannon  
  94  6:58  Extended Thermal Lance, Photon Cannon  
  99  7:02  Charge, Pylon  
  99  7:10  Protoss Ground Weapons Level 2 (Chrono Boost)  
  99  7:15  Adept  
  99  7:17  Colossus (Chrono Boost)  
  99  7:20  Probe  
  99  7:21  Gateway  
  108  7:23  Gateway  
  108  7:31  Pylon  
  108  7:44  Nexus  
  108  7:46  Pylon  
  108  7:47  Colossus (Chrono Boost)  
  113  7:59  Probe  
  113  8:01  Stalker  
  113  8:03  Colossus (Chrono Boost)  
  113  8:04  Pylon  
  118  8:06  Stalker x3  
  118  8:09  Pylon  
  118  8:12  Pylon  
  124  8:21  Templar Archives  
  124  8:25  Observer, Pylon  
  124  8:26  Pylon  
  124  8:27  Stalker  
  124  8:28  Photon Cannon, Stalker x4  
  124  8:29  Zealot x2, Shield Battery  
  124  8:32  Probe x2, Pylon x2  
  140  8:46  Immortal (Chrono Boost)  
  144  8:55  Immortal (Chrono Boost)  
  148  9:04  High Templar x4, Zealot  
  148  9:05  Zealot x3  
  148  9:06  Probe x2  
  148  9:07  Assimilator  
  148  9:09  Assimilator  
  166  9:12  Archon x2, Photon Cannon  
  166  9:20  Immortal (Chrono Boost)  
  166  9:22  Probe x2  
  166  9:23  Probe  
  135  9:44  Zealot x4  
  135  9:45  Zealot x4  
  139  9:48  Probe  
  139  9:49  Immortal (Chrono Boost), Probe  
  145  9:55  Gateway  
  145  9:56  Immortal (Chrono Boost), Protoss Ground Weapons Level 3 (Chrono Boost)  
  145  9:58  Gateway  
  149  10:02  Psionic Storm  
  149  10:13  High Templar x5  
  159  10:16  Probe x2  
  159  10:19  Photon Cannon  
  159  10:21  Shield Battery  
  161  10:29  Pylon  
  151  10:37  Immortal (Chrono Boost)  
  151  10:41  Observer (Chrono Boost)  
  154  10:54  Immortal (Chrono Boost)  
  154  10:55  Zealot x8  
  166  11:07  High Templar x2  
  166  11:08  Nexus  
  166  11:09  Immortal, Pylon  
  166  11:10  Photon Cannon  
  174  11:12  Photon Cannon  
  174  11:19  Zealot x5  
  118  11:49  Zealot x7  
  118  11:50  Zealot x2  
  130  11:56  Immortal x2 (Chrono Boost)  
  138  12:02  Photon Cannon  
  138  12:03  Shield Battery  
  138  12:04  Probe  
  139  12:10  High Templar x9  
  139  12:15  Archon x3  
  157  12:20  Photon Cannon  
  157  12:26  Immortal x2 (Chrono Boost)  
  163  12:42  Zealot x8  
  163  12:43  Zealot  
  173  13:03  Zealot x9, Immortal (Chrono Boost)  
  191  13:06  Observer (Chrono Boost)  
  184  13:41  Immortal x2 (Chrono Boost)  
  160  13:48  High Templar x3, Zealot x3  
  162  13:49  Zealot x3  
  162  13:54  Probe  
  171  14:07  Stargate  
  173  14:11  Void Ray (Chrono Boost), Fleet Beacon, Immortal x2 (Chrono Boost)  
  173  14:13  Stalker x3  
  173  14:14  Zealot x3  
  193  14:28  Stalker  
  193  14:29  Stalker x2  
  199  14:38  Zealot x3  
  189  14:46  Assimilator  
  189  14:47  Assimilator  
  189  14:52  Carrier (Chrono Boost)  
  185  14:53  Carrier (Chrono Boost)  
  193  15:11  High Templar x3  
  199  15:16  Archon  
  199  15:24  Nexus  
  199  15:26  Pylon  
  189  15:52  Stalker x9  
  161  16:17  Stalker x9  
  171  16:38  Archon